 Dungeon Crawl Stone Soup version 0.30.1-3-gfc49f6343a (webtiles) character file.

Game seed: 15009217629062253839

419 Peloso the Slasher (level 6, -3/56 HPs)
             Began as a Minotaur Fighter on Aug 3, 2023.
             Killed by divine providence
             ... invoked by an orc priest
              (13 damage)
             ... on level 4 of the Dungeon.
             The game lasted 00:04:46 (2994 turns).

Peloso the Slasher (Minotaur Fighter)               Turns: 2994, Time: 00:04:47

Health: -3/56      AC: 12    Str: 26    XL:     6   Next: 62%
Magic:  5/5        EV:  7    Int:  5    God:
Gold:   233        SH:  5    Dex: 12    Spells: 5/5 levels left

rFire   . . .        a - +0 long sword
rCold   . . .        d - +0 buckler
rNeg    . . .        c - +0 plate armour
rPois   .            (helmet restricted)
rElec   .            (no cloak)
rCorr   .            (no gloves)
SInv    .            (no boots)
Will    .....        (no amulet) Stlth
                     j - +6 ring of strength
HPRegen 0.29/turn    h - ring of flight
MPRegen 0.09/turn

%: no passive effects
@: flying
A: horns 2, retaliatory headbutt
a: no special abilities


You were on level 4 of the Dungeon.
You visited 1 branch of the dungeon, and saw 4 of its levels.

You collected 233 gold pieces.

Inventory:

Hand Weapons
 a - a +0 long sword (weapon)
Armour
 b - a +0 scale mail
 c - a +0 plate armour (worn)
 d - a +0 buckler (worn)
Jewellery
 h - a ring of flight (right hand)
 j - a +6 ring of strength (left hand)
Scrolls
 e - a scroll of identify
 f - 2 scrolls of teleportation
 i - a scroll of fear {unknown}
 k - 3 scrolls of fog
 n - a scroll of noise {unknown}
 p - 2 scrolls of vulnerability {unknown}
Potions
 g - 2 potions of brilliance
 l - 4 potions of heal wounds
 m - 3 potions of mutation
 o - a potion of degeneration {unknown}
 q - 3 potions of might


   Skills:
 + Level 5.2 Fighting
 + Level 5.9 Long Blades
 + Level 5.2 Armour
 + Level 1.0 Dodging
 + Level 0.1 Stealth
 + Level 4.5 Shields


You had 5 spell levels left.
You didn't know any spells.
Your spell library contained the following spells:

 Spells                   Type           Power      Damage    Failure   Level
 Sandblast                Erth           0%         2d4       100%        1
 Slow                     Hex            0%         N/A       100%        1
 Passwall                 Tmut/Erth      0%         N/A       100%        2
 Confusing Touch          Hex            0%         N/A       100%        3
 Stone Arrow              Conj/Erth      0%         3d7       100%        3
 Vampiric Draining        Necr           0%         2d6       100%        3


Dungeon Overview and Level Annotations

Branches:
Dungeon (4/15)
 Temple: D:4-7

Altars:

Shops:
D:3 =


Innate Abilities, Weirdness & Mutations

You have a pair of horns on your head.
You reflexively headbutt those who attack you in melee.


Message History

The orc priest looks satisfied for a moment.
You barely miss the orc priest.
The orc priest is moderately wounded.
The orc priest casts a cantrip, but nothing happens.
The orc priest hits you but does no damage.
You hit the orc priest but do no damage.
Your headbutt misses the orc priest.
The orc priest is moderately wounded.
The orc priest hits you but does no damage. x2
You slash the orc priest!
The orc priest is severely wounded.
The orc priest invokes the aid of Beogh against you.
Beogh smites you!
* * * LOW HITPOINT WARNING * * *
You block the orc priest's attack.
You slash the orc priest!
You kill the orc priest!
You slash the orc!
You kill the orc!
The orc priest barely misses you.
Items here: ))) [[ †.
You slash the orc priest!
The orc priest is severely wounded.
The orc priest hits you but does no damage.
You hit the orc priest.
The orc priest is severely wounded.
The orc priest hits you but does no damage.
You closely miss the orc priest.
The orc priest is severely wounded.
The orc priest hits you with a +0 war axe.
* * * LOW HITPOINT WARNING * * *
You barely miss the orc priest.
The orc priest is severely wounded.
The orc priest looks satisfied for a moment.
You barely miss the orc priest.
You headbutt the orc priest, but do no damage.
The orc priest is severely wounded.
The orc priest mumbles some strange prayers to Beogh against you.
Beogh smites you!
You die...

.#####.#######..
......o .......# ..
....... ..)#..## #.
....... .#.#..####
.#.......
.........####
.........
###..###....#
#........
###..######.#
#........
........###.## #o#
.)........#..# #@#
<)........##.###)#
.......##.....##.##
.......##.######..##
.......##.# ##..#
.......##.# ##.#
.......##.### #.#
......#.....# ##.##
.....##.....#####...#


You could see an orc priest.

Vanquished Creatures
  A phantom (D:4)
  3 hounds
  2 orc priests
  An orc wizard (D:3)
  3 adders
  4 gnolls
  2 worms
  3 dart slugs
  7 orcs
  6 ball pythons
  4 bats
  12 endoplasms
  3 giant cockroaches
  6 goblins
  6 hobgoblins
  6 jackals
  10 kobolds
  3 quokkas
  4 rats
86 creatures vanquished.

Notes
Turn   | Place    | Note
-------+----------+-------------------------------------------
     0 | D:1      | Peloso the Minotaur Fighter began the quest for the Orb.
     0 | D:1      | Reached XP level 1. HP: 19/19 MP: 0/0
   128 | D:1      | Reached XP level 2. HP: 27/27 MP: 1/1
   134 | D:1      | Found a faded altar of an unknown god.
   360 | D:1      | Reached XP level 3. HP: 34/34 MP: 2/2
  1016 | D:2      | You fall into a shaft and drop 2 floors!
  1110 | D:3      | Reached XP level 4. HP: 41/41 MP: 3/3
  1669 | D:3      | Reached XP level 5. HP: 30/47 MP: 4/4
  2042 | D:3      | Reached skill level 5 in Long Blades
  2160 | D:3      | Found Gihos's Jewellery Emporium.
  2496 | D:4      | Noticed a phantom
  2570 | D:3      | Reached skill level 5 in Fighting
  2613 | D:4      | Reached XP level 6. HP: 53/56 MP: 5/5
  2666 | D:4      | Reached skill level 5 in Armour
  2914 | D:4      | Reached skill level 1 in Dodging
  2994 | D:4      | Killed from afar by an orc priest

Illustrated notes

Levels and vault maps discovered:
D:1:      saegor_arrival_miasma, layout_basic,
          shapermc_ecumenical_altar_starsandcircs
D:2:      layout_loops_ring
D:3:      minmay_evil_eye, layout_basic, serial_shops, nicolae_shop_behind_doors
D:4:      layout_rooms

Skill      XL: |  1  2  3  4  5  6 |
---------------+-------------------+-----
Fighting       | 4 5 |  5.2
Shields        | 4 |  4.5
Armour         | 4 5 |  5.2
Long Blades    | 3 4 5 |  5.9
Dodging        | 1 |  1.0
Stealth        | |  0.1

Action                     |  1- 3 |  4- 6 || total
---------------------------+-------+-------++-------
  Melee: Long sword        |    77 |   111 ||   188
         Headbutt          |     9 |    22 ||    31
    Use: Scroll            |     2 |     4 ||     6
         Potion            |     1 |       ||     1
 Armour: Scale mail        |    36 |    45 ||    81
         Plate armour      |       |     8 ||     8
  Dodge: Dodged            |    41 |    47 ||    88
  Block: Buckler           |    14 |    26 ||    40
